Map: Dreamcatcher LE

Players

Eskariot

  • Race: Terran Terran
  • League: Platinum
  • Spawn Location: 11:00

Must - Winner!

  • Race: Zerg Zerg
  • Spawn Location: 5:00

VOD

Have the link to the VOD?

Description

Time

  • Played on: July 21, 2018, 8:28 a.m.
  • Length: 13:53
Show
View Real Time Build Order
Export as new Build Order

Eskariot Terran 

Build Orders: MMM Bio 

Get SALT Encoding   

  12  0:01  SCV  
  13  0:13  SCV  
  14  0:17  Supply Depot  
  14  0:26  SCV  
  15  0:29  Refinery  
  15  0:39  SCV  
  16  0:47  Barracks  
  16  0:53  SCV  
  17  1:05  SCV  
  18  1:12  Refinery  
  18  1:17  SCV  
  18  1:29  SCV  
  19  1:35  Marine  
  19  1:39  Factory  
  20  1:42  Orbital Command  
  20  1:54  Supply Depot  
  20  1:58  Marine  
  22  2:08  SCV  
  22  2:20  SCV  
  25  2:22  Widow Mine  
  25  2:23  Barracks Reactor  
  25  2:32  Starport, SCV  
  26  2:43  Supply Depot  
  26  2:44  SCV  
  26  2:50  Factory Tech Lab  
  27  2:56  SCV  
  28  2:59  Marine x2  
  30  3:09  SCV  
  30  3:10  Siege Tank  
  34  3:13  Viking  
  36  3:21  SCV  
  36  3:22  Marine  
  36  3:23  Marine  
  39  3:31  Supply Depot  
  39  3:52  SCV  
  40  4:01  Command Center  
  40  4:05  SCV  
  41  4:16  Marine x2  
  43  4:18  Siege Tank  
  43  4:23  Supply Depot  
  46  4:25  Supply Depot  
  46  4:33  SCV  
  47  4:45  Medivac  
  49  4:46  SCV  
  49  4:51  Supply Depot  
  50  4:54  Engineering Bay  
  50  4:58  SCV  
  50  4:59  Marine x2  
  52  5:00  Siege Tank  
  56  5:14  Supply Depot  
  56  5:21  Marine x2  
  56  5:22  Barracks  
  58  5:32  Barracks, Medivac  
  60  5:38  Siege Tank  
  60  5:39  Marine  
  64  5:46  Orbital Command  
  64  5:49  SCV  
  65  5:56  Marine  
  66  6:01  SCV  
  67  6:06  Marine  
  67  6:08  Supply Depot  
  68  6:12  Starport Reactor  
  68  6:14  Marine  
  68  6:16  Barracks Tech Lab  
  68  6:18  SCV  
  70  6:19  SCV  
  71  6:27  Barracks Tech Lab  
  71  6:30  Siege Tank, SCV  
  71  6:31  SCV  
  76  6:41  Marine x2  
  76  6:43  Stimpack  
  76  6:44  Combat Shield  
  76  6:46  Terran Infantry Weapons Level 1  
  78  6:48  Engineering Bay  
  78  6:52  Armory  
  78  6:58  Supply Depot  
  78  7:02  Marine  
  78  7:03  Marine x2  
  78  7:05  Marine  
  83  7:08  SCV  
  83  7:09  SCV  
  83  7:14  Refinery  
  84  7:17  Refinery  
  84  7:19  Supply Depot  
  84  7:20  SCV, Marine  
  84  7:21  Terran Infantry Armor Level 1, Marine x2  
  88  7:23  Marine  
  89  7:30  Supply Depot  
  89  7:32  Medivac x2  
  93  7:38  Marine  
  93  7:39  SCV, Marine x2  
  93  7:40  SCV  
  93  7:41  Marine  
  99  7:55  SCV x2  
  99  7:56  Barracks  
  101  7:58  Barracks  
  101  8:02  Terran Vehicle Weapons Level 1  
  101  8:07  SCV x2  
  103  8:17  Barracks  
  103  8:18  Factory  
  103  8:20  SCV x2  
  105  8:46  Barracks Reactor  
  105  8:47  Barracks Reactor  
  105  8:50  Command Center  
  105  8:55  SCV x2  
  65  9:31  Liberator  
  63  9:32  SCV x2  
  65  9:39  Supply Depot, Barracks Reactor  
  65  9:40  Factory Tech Lab  
  65  9:41  Marine x4  
  65  9:42  Marine x4  
  65  9:44  Siege Tank, SCV x2  
  65  9:45  Medivac  
  83  9:58  Liberator  
  83  9:59  Supply Depot, Marine x5  
  87  10:00  Marine x2  
  87  10:01  Supply Depot  
  87  10:03  Marine  
  91  10:07  Ghost Academy  
  91  10:08  Orbital Command  
  91  10:09  SCV  
  91  10:11  SCV  
  93  10:19  Marine  
  93  10:20  Marine x2  
  102  10:21  SCV  
  102  10:22  Marine  
  102  10:23  SCV, Marine  
  102  10:24  Supply Depot  
  102  10:27  Siege Tank  
  106  10:33  SCV  
  107  10:38  Marine  
  107  10:39  Marine x4  
  107  10:41  Marine x5  
  117  10:51  Refinery  
  117  10:52  Refinery  
  117  10:53  Sensor Tower  
  117  10:56  SCV, Marine  
  117  10:57  SCV x2, Marine x2  
  121  10:58  Marine  
  121  10:59  Marine  
  121  11:02  Siege Tank  
  132  11:04  Siege Tank  
  132  11:09  SCV x3  
  138  11:20  Marine x3  
  138  11:21  SCV x2, Marine x3  
  138  11:22  Marine, Command Center  
  147  11:28  Unknown x2  
  147  11:30  Marine  
  147  11:32  Medivac x2  
  156  11:38  Marine x3  
  156  11:39  SCV x2  
  151  11:56  Unknown x2  
  131  12:05  Marine x2  
  130  12:25  Unknown x2  
  111  12:39  Marine x3  
  111  12:40  Marine x5  
  103  12:49  Command Center  
  103  12:50  Siege Tank  
  106  12:57  Marine x4  
  106  12:58  Marine x4  
  105  13:07  Unknown x2  
  42  13:35  Unknown x2  
Show
View Real Time Build Order
Export as new Build Order

Must Zerg - Winner!

Build Orders: Hatch First 

Get SALT Encoding   

  12  0:00  Drone  
  13  0:12  Overlord  
  13  0:17  Drone  
  14  0:31  Drone x2  
  14  0:34  Drone  
  17  0:54  Hatchery  
  16  0:58  Drone  
  17  1:11  Spawning Pool  
  17  1:12  Drone  
  17  1:16  Drone  
  18  1:27  Extractor  
  18  1:31  Drone x2  
  19  1:43  Drone  
  20  1:54  Overlord  
  20  1:58  Queen  
  22  2:08  Queen  
  22  2:10  Drone x2  
  22  2:11  Drone  
  22  2:15  Extractor  
  26  2:23  Drone x2  
  28  2:32  Roach Warren  
  27  2:41  Drone  
  27  2:43  Drone x3  
  31  2:49  Drone  
  32  2:55  Evolution Chamber  
  32  2:58  Evolution Chamber  
  30  3:04  Lair  
  30  3:08  Drone  
  30  3:11  Drone  
  30  3:12  Drone  
  33  3:14  Drone  
  33  3:18  Zergling x2  
  35  3:24  Drone  
  35  3:25  Overlord  
  36  3:48  Drone  
  36  3:49  Drone x7  
  44  3:57  Extractor  
  44  3:59  Extractor  
  44  4:02  Metabolic Boost  
  42  4:06  Queen  
  42  4:08  Overlord x2  
  43  4:17  Spore Crawler  
  43  4:20  Spore Crawler  
  42  4:24  Drone x2  
  43  4:31  Spine Crawler  
  43  4:36  Overlord  
  44  4:38  Roach  
  44  4:39  Roach x4  
  52  5:03  Drone x5  
  57  5:16  Overlord  
  57  5:30  Hatchery  
  57  5:33  Roach  
  57  5:34  Overlord  
  58  5:36  Roach x4  
  58  5:38  Overlord  
  66  6:06  Glial Reconstitution  
  66  6:13  Drone x4  
  66  6:14  Drone x8  
  78  6:47  Queen  
  78  6:50  Overlord x2, Roach x4  
  78  6:51  Overlord  
  88  6:56  Zerg Missile Weapons Level 1, Zerg Ground Armor Level 1  
  88  7:00  Hydralisk Den  
  87  7:02  Infestation Pit  
  87  7:08  Drone x3  
  88  7:11  Extractor  
  88  7:12  Extractor  
  88  7:13  Drone x11  
  98  7:20  Ravager x2  
  98  7:21  Ravager x4  
  104  7:23  Roach  
  104  7:25  Roach x2  
  110  7:32  Spore Crawler  
  110  7:34  Spine Crawler  
  110  7:36  Spine Crawler  
  107  7:48  Hive  
  107  7:51  Grooved Spines  
  107  8:13  Overlord x2  
  107  8:14  Overlord  
  107  8:16  Hydralisk x3  
  113  8:39  Hydralisk x7  
  113  8:40  Hydralisk x5  
  137  8:42  Overlord x3  
  137  8:51  Overlord x2  
  137  9:02  Muscular Augments  
  127  9:16  Zergling x20  
  127  9:17  Zergling x14  
  97  9:29  Roach x3  
  103  10:05  Roach x17  
  137  10:09  Viper  
  140  10:15  Viper  
  140  10:16  Viper  
  140  10:17  Viper  
  148  10:47  Overlord x2, Roach x7  
  148  10:48  Roach x3  
  168  10:51  Zerg Ground Armor Level 2, Zerg Missile Weapons Level 2  
  168  11:07  Adrenal Glands  
  168  11:23  Ravager  
  168  11:24  Ravager x6  
  168  11:25  Ravager  
  174  11:51  Roach x7  
  184  12:06  Overlord x10  
  155  13:10  Hatchery  
  155  13:11  Hatchery  
  124  13:23  Hatchery  
Tags
 
Composition
MMM Bio
League
Platinum
Matchup
TvZ
Spawn Locations
Cross Positions
Add a new tag
Caveats
  • Supply blocks, unpowered buildings, or Contaminate may cause inaccurate times.
  • Supply counts are checked every 10 seconds.